 Dungeon Crawl Stone Soup version 0.30-a0-42-g806c11bf1d (webtiles) character file.

Game seed: 4813135797893319812

6 ytrimaz the Insei (level 1, 0/13 HPs)
             Began as an Octopode Transmuter on Aug 30, 2022.
             Slain by a jackal (1 damage)
             ... on level 1 of the Dungeon.
             The game lasted 00:01:14 (499 turns).

ytrimaz the Insei (Octopode Transmuter)              Turns: 499, Time: 00:01:15

Health: 0/13       AC:  1    Str:  9    XL:     1   Next: 90%
Magic:  2/3        EV: 13    Int: 15    God:
Gold:   56         SH:  0    Dex: 12    Spells: 3/4 levels left

rFire   . . .      SeeInvis .      - Unarmed
rCold   . . .      Faith    .    (no shield)
rNeg    . . .      Spirit   .    (helmet restricted)
rPois   .          Reflect  .    (no amulet)
rElec   .          Harm     .    (no ring)
rCorr   .          Rampage  .    (no ring)
Will    .....                    (no ring)
Stlth   ++........               (no ring)
HPRegen 0.04/turn                (no ring)
MPRegen 0.08/turn                (no ring)
                                 (no ring)
                                 (no ring)

@: no status effects
A: almost no armour, amphibious, 8 rings, camouflage 1, gelatinous body 1,
(nimble swimmer 1), tentacles
a: no special abilities


You were on level 1 of the Dungeon.
You visited 1 branch of the dungeon, and saw 1 of its levels.

You collected 56 gold pieces.


Innate Abilities, Weirdness & Mutations

You cannot wear most types of armour.
You are amphibious.
You can wear up to eight rings at the same time.
Your skin changes colour to match your surroundings (Stealth+).
Your rubbery body absorbs attacks. (AC +1, EV +1)
((You are camouflaged when in or above water. (Stealth+)))
You have tentacles for arms and can constrict up to eight enemies at once.


   Skills:
 - Level 1.0 Fighting
 - Level 2.0 Dodging
 + Level 3.4 Unarmed Combat
 - Level 2.0 Spellcasting
 - Level 2.0 Transmutations


You had 3 spell levels left.
You knew the following spells:

 Your Spells              Type           Power      Damage    Failure   Level
a - Beastly Appendage     Tmut           14%        N/A       10%         1

Your spell library contained the following spells:

 Spells                   Type           Power      Damage    Failure   Level
 Wereblood                Tmut           7%         N/A       14%         2
 Spider Form              Tmut/Pois      4%         N/A       41%         3
 Ice Form                 Ice/Tmut       4%         N/A       82%         4

Inventory:

Missiles
 b - 4 stones {throwing}
Potions
 a - a potion of lignification {!q}
 e - a potion of ambrosia

Dungeon Overview and Level Annotations

Branches:
Dungeon (1/15) Zot: 5501

Altars:

..####...####.##...#
.......#......###.##
...###...########.#
...# ##...# ##..#
...###....# ##...##
.....#....## #.....#
.###.......# ##...##
.# #.......# ##.##
.###.#####.# #@#
.....'..>#.# #h#
#...###.##.. #.#
#... #.# .## #.#
#... #.# #.# ....
#<# ..# .... ###
...# ###. ###.# #.
#..


You could see a jackal.


Message History

You take 1 damage, and now have 5/13 hp.
Unknown command.
You barely miss the endoplasm. You constrict the hobgoblin.
The endoplasm misses you. The hobgoblin barely misses you.
Unknown command.
You tentacle-slap the endoplasm but do no damage.
You pierce the endoplasm, but do no damage.
Your tentacle spike disappears.
You constrict the hobgoblin.
You kill the hobgoblin!
The endoplasm hits you.
* * * LOW HITPOINT WARNING * * *
😱 HP[-2] MP[+1]
You take 2 damage, and now have 3/13 hp.
Your mp is fully restored (3).
Unknown command.
You tentacle-slap the endoplasm. You squeeze the endoplasm.
The endoplasm closely misses you.
You tentacle-slap the endoplasm.
You kill the endoplasm!
Unknown command.
You start resting. 😎 HP[+10]
Your hp is fully restored (13).
You now have 30 gold pieces (gained 14).
c - a scroll labelled VULAENKU HOGHI
c - 2 scrolls labelled VULAENKU HOGHI (gained 1)
You now have 43 gold pieces (gained 13).
You now have 56 gold pieces (gained 13).
You see here a ball python skeleton.
d - a fuming yellow potion
e - a metallic brown potion
There is an escape hatch in the floor here.
Key pressed, stopping explore.
As you read the scroll labelled VULAENKU HOGHI, it crumbles to dust.
It is a scroll of identify.
d - a potion of degeneration
As you read the scroll of identify {@r1}, it crumbles to dust.
e - a potion of ambrosia You drop a potion of degeneration {!q@e2}.
You see here a +3 hand axe {axe}.
A jackal comes into view.
You miscast Beastly Appendage.
You are very lightly contaminated with residual magic.
Nothing appears to happen. 😎 MP[-1]
You lost 1 mp, and now have 2/3 mp. 2 jackals come into view.
One of your tentacles grows a vicious spike.
Your transformation is almost over. 😎 MP[-1]
You lost 1 mp, and now have 1/3 mp.
The jackal attacks as you move away! The jackal barely misses you.
You closely miss the jackal. Your grab misses the jackal.
You pierce the jackal, but do no damage.
The jackal bites you.
Your magical contamination has completely faded away. 😕 HP[-3]
You take 3 damage, and now have 10/13 hp.
MASSIVE DAMAGE!! (PAUSE)
You tentacle-slap the jackal. Your grab misses the jackal.
You pierce the jackal, but do no damage.
Your squeeze misses the jackal. The jackal closely misses you. x2
You completely miss the jackal. Your grab misses the jackal.
Your tentacle spike misses the jackal.
The jackal barely misses you.
Unknown command.
You barely miss the jackal. Your grab misses the jackal.
You tentacle-slap the jackal, but do no damage.
The jackal barely misses you.
You miss the jackal. Your grab misses the jackal.
The jackal bites you. 😮 HP[-3]
You take 3 damage, and now have 7/13 hp.
MASSIVE DAMAGE!! (PAUSE)
You tentacle-slap the jackal. You grab the jackal.
You constrict the jackal, but do no damage.
The jackal barely misses you. The jackal bites you.
* * * LOW HITPOINT WARNING * * *
😨 HP[-1]
You take 1 damage, and now have 6/13 hp.
You tentacle-slap the jackal but do no damage.
Your tentacle spike disappears.
You constrict the jackal, but do no damage.
The jackal bites you.
* * * LOW HITPOINT WARNING * * *
😱 HP[-3] MP[+1]
You take 3 damage, and now have 3/13 hp.
MASSIVE DAMAGE!! (PAUSE)
You tentacle-slap the jackal but do no damage.
You constrict the jackal. The jackal closely misses you. The jackal bites you.
* * * LOW HITPOINT WARNING * * *
😱 HP[-2]
You take 2 damage, and now have 1/13 hp.
You tentacle-slap the jackal but do no damage.
You tentacle-slap the jackal, but do no damage.
You constrict the jackal. The jackal closely misses you.
Unknown command.
You barely miss the jackal.
You constrict the jackal, but do no damage.
The jackal bites you.
You die...

Action                   || total
-------------------------++-------
Melee: Unarmed           ||    24
       Constrict         ||     4
       Kick              ||     4
       Tentacles         ||     3
       Punch             ||     2
 Cast: Beastly Appendage ||     2
  Use: Scroll            ||     2
 Stab: Sleeping          ||     1
Dodge: Dodged            ||    16

Levels and vault maps discovered:
D:1:      amcnicky_arrival_choice, layout_loops_ring, minmay_cut_off

Notes
Turn   | Place    | Note
-------+----------+-------------------------------------------
     0 | D:1      | ytrimaz the Octopode Transmuter began the quest for the
                  | Orb.
     0 | D:1      | Reached XP level 1. HP: 13/13 MP: 3/3
     0 | D:1      | magus.rc [v1.9.6]
    87 | D:1      | HP: 3/13 [endoplasm (2)]
   496 | D:1      | HP: 3/13 [jackal (3)]
   497 | D:1      | HP: 1/13 [jackal (2)]
   499 | D:1      | Slain by a jackal

Vanquished Creatures
  2 endoplasms (D:1)
  2 hobgoblins (D:1)
  A ball python (D:1)
5 creatures vanquished.

Table legend:
 A = Non-vault XP
 B = Vault XP
 C = Vault XP percentage of total XP
 D = Non-vault monster count
 E = Vault monster count
 F = Vault count percentage of total count
                 A         B        C        D         E       F
            +---------+---------+-------+---------+---------+-------
      Total |       9 |       0 |   0.0 |       5 |       0 |   0.0
            +---------+---------+-------+---------+---------+-------
        D:1 |       9 |       0 |   0.0 |       5 |       0 |   0.0
            +---------+---------+-------+---------+---------+-------

Illustrated notes

Table legend:
 A = Kills in this place as a percentage of kills in entire the game.
 B = Kills by you in this place as a percentage of kills by you in the entire game.
 C = Kills by friends in this place as a percentage of kills by friends in the entire game.
 D = Other kills in this place as a percentage of other kills in the entire game.
 E = Experience gained in this place as a percentage of experience gained in the entire game.
 F = Experience gained in this place divided by the number of levels of this place that you have seen.
                   A       B       C       D       E      F
               +-------+-------+-------+-------+-------+----------------------
         Total | 100.0 | 100.0 |   N/A |   N/A | 100.0 |   9.0
       Dungeon | 100.0 | 100.0 |   N/A |   N/A | 100.0 |   9.0
               +-------+-------+-------+-------+-------+----------------------

Table legend: (Time is in decaauts)
 A = Elapsed time spent in this place.
 B = Non-inter-level travel time spent in this place.
 C = Inter-level travel time spent in this place.
 D = Time resting spent in this place.
 E = Time spent auto-exploring this place.
 F = Levels seen in this place.
 G = Mean time per level.
                   A        B        C        D        E       F      G
               +--------+--------+--------+--------+--------+-----+--------+
         Total |    497 |    497 |      0 |    230 |    201 |   1 |  497.0 |
       Dungeon |    497 |    497 |      0 |    230 |    201 |   1 |  497.0 |
               +--------+--------+--------+--------+--------+-----+--------+

Top non-repeatable levels by time:
     D:1: 497 daAuts
